AoeStats
← [̲̅2̲̅D̲̅]

Arena

510567737Analyzed
2v2 RM · 1d ago on Oct 1, 2026· 35m 47s· 4 players
Game mode
Random Map
Map size
Medium (4 player)
Population
200
Speed
Normal
Resources
Standard
Victory
Conquest
Starting age
Dark Age
Ending age
Imperial Age
RankedLock teamsTeams togetherTeam positionsShared explorationLock speedFull tech treeHidden civsTurbo modeCheats
Victory
Defeat
🇪🇸 Saracens · Spain
964
+10
🇪🇸 Franks · Spain
901
+13
🇮🇪 Japanese · Ireland
846
-12
🇧🇷 Mongols · Brazil
818
-11
TheDafey
0:27 Loom
12:00 Feudal Age
16:12 Castle Age
28:10 Fletching
28:21 Padded Archer Armor
29:05 Wheelbarrow
28:14 Horse Collar
28:38 Double-Bit Axe
29:51 Elite Skirmisher
32:02 Bodkin Arrow
32:22 Leather Archer Armor
36:30 Imperial Age
33:47 Town Watch
36:05 Ballistics
36:10 Bow Saw
36:02 Heavy Plow
dgldavidbcn
10:39 Feudal Age
15:36 Castle Age
14:38 Double-Bit Axe
14:59 Gold Mining
15:31 Loom
17:20 Bow Saw
28:19 Imperial Age
27:39 Scale Barding Armor
27:35 Scale Mail Armor
27:45 Forging
27:26 Fletching
27:04 Pikeman
27:44 Squires
29:37 Husbandry
31:20 Wheelbarrow
32:02 Conscription
31:08 Cavalier
33:01 Chemistry
32:12 Fortified Wall
32:29 Chain Barding Armor
32:12 Halberdier
36:09 Plate Barding Armor
35:50 Chain Mail Armor
36:11 Iron Casting
ciaranomalley90
11:27 Feudal Age
12:01 Horse Collar
18:27 Castle Age
24:38 Double-Bit Axe
24:53 Heavy Plow
24:45 Loom
25:39 Wheelbarrow
26:33 Bow Saw
28:49 Town Watch
33:32 Imperial Age
32:19 Ballistics
31:55 Fletching
32:06 Padded Archer Armor
34:16 Thumb Ring
34:14 Bodkin Arrow
34:34 Leather Archer Armor
34:38 Thumb Ring
34:47 Bloodlines
[̲̅2̲̅D̲̅]
10:16 Feudal Age
11:05 Loom
11:50 Double-Bit Axe
15:51 Castle Age
13:51 Stone Mining
26:46 Bow Saw
29:00 Padded Archer Armor
29:57 Horse Collar
32:31 Wheelbarrow
Connection lost

Rejoining the realm…

Still unreachable

The connection could not be restored.

Session expired

The server has moved on; the page needs a fresh start.